 Dungeon Crawl Stone Soup version 0.28.0-53-g5a82cb258f (webtiles) character file.

Game seed: 15961149439893277598

18 Lozmo the Chopper (level 2, -1/25 HPs)
             Began as a Minotaur Gladiator on Aug 3, 2022.
             Killed by an exploding goblin (23 damage)
             ... ignited by their inner flame
             ... on level 2 of the Dungeon on Aug 4, 2022.
             The game lasted 00:14:03 (728 turns).

Lozmo the Chopper (Minotaur Gladiator)               Turns: 728, Time: 00:14:04

Health: -1/25      AC:  3    Str: 18    XL:     2   Next: 51%
Magic:  1/1        EV: 12    Int:  5    God:
Gold:   45         SH:  0    Dex: 11    Spells: 1/1 levels left

rFire   . . .      SeeInvis .   a - +0 war axe
rCold   . . .      Faith    .   (no shield)
rNeg    . . .      Spirit   .   b - +0 leather armour
rPois   .          Reflect  .   c - +0 hat
rElec   .          Harm     .   (no cloak)
rCorr   .          Rampage  .   (no gloves)
Will    .....                   (no boots)
Stlth   +.........              (no amulet)
HPRegen 0.08/turn               (no ring)
MPRegen 0.07/turn               (no ring)

@: no status effects
A: horns 2, retaliatory headbutt
a: no special abilities


You were on level 2 of the Dungeon.
You visited 1 branch of the dungeon, and saw 2 of its levels.

You collected 45 gold pieces.

Inventory:

Hand Weapons
 a - a +0 war axe (weapon)
 e - a +0 dagger
Missiles
 d - 3 throwing nets (quivered)
 h - 23 bolts
Armour
 b - a +0 leather armour (worn)
 c - a +0 hat (worn)
 f - a +0 robe


   Skills:
 + Level 2.5 Fighting
 + Level 4.1 Axes
 + Level 2.1 Throwing
 + Level 0.3 Armour
 + Level 3.7 Dodging


You had one spell level left.
You didn't know any spells.
Your spell library was empty.

Dungeon Overview and Level Annotations

Branches:
Dungeon (2/15)

Altars:


Innate Abilities, Weirdness & Mutations

You have a pair of horns on your head.
You reflexively headbutt those who attack you in melee.


Message History

You kill the goblin!
You see here a +0 dagger.
You now have 32 gold pieces (gained 15).
A rat comes into view.
You hit the rat but do no damage. You headbutt the rat.
You kill the rat!
i - a brown potion Unknown command.
It was a potion of magic.
Magic courses through your body.
An endoplasm comes into view.
Unknown command.
You slash the endoplasm!
You kill the endoplasm!
Found 13 gold pieces.
You now have 45 gold pieces (gained 13).
A hobgoblin comes into view.
The hobgoblin shouts!
You slash the hobgoblin!
You kill the hobgoblin!
Unknown command.
Unknown command.
Unknown command.
There is an escape hatch in the floor here.
Unknown command.
You slide downwards.
The hatch slams shut behind you.
The goblin shouts!
Found a stone staircase leading down.
As you read the scroll labelled FYC XEKUIT, it crumbles to dust.
The creatures around you are filled with an inner flame!
It was a scroll of immolation.
Unknown command.
You closely miss the goblin. Your headbutt misses the goblin.
The goblin hits you but does no damage. The goblin closely misses you.
You completely miss the goblin. Your headbutt misses the goblin.
The goblin hits you with a +0 dagger.
You slash the goblin!
The goblin explodes!
The fiery explosion engulfs you!!
Ouch! That really hurt!
You die...

.. .. .##
.. .#
##.####
#.....#
#@§...#
#.§§§.....#
##§§§...###
#......#
##.......
#..######
#.># ####


There were no monsters in sight!

Vanquished Creatures
  An endoplasm (D:1)
  5 hobgoblins (D:1)
  A kobold (D:1)
  2 quokkas (D:1)
  A ball python (D:1)
  3 bats (D:1)
  A frilled lizard (D:1)
  2 goblins
  2 rats (D:1)
18 creatures vanquished.

Notes
Turn   | Place    | Note
-------+----------+-------------------------------------------
     0 | D:1      | Lozmo the Minotaur Gladiator began the quest for the Orb.
     0 | D:1      | Reached XP level 1. HP: 18/18 MP: 0/0
    92 | D:1      | Reached XP level 2. HP: 19/25 MP: 1/1
   247 | D:1      | Reached skill level 4 in Axes
   728 | D:2      | Killed by an exploding goblin... ignited by their inner
                  | flame

Illustrated notes

Levels and vault maps discovered:
D:1:      dpeg_chamrin_arrival_tetris, layout_loops_ring
D:2:      layout_basic, shapermc_ecumenical_altar_gd, serial_shops,
          nicolae_shop_advertising_works [nicolae_subvault_shop_adworks],
          corner_web_ring, uniq_natasha, uniq_terence

Skill      XL: |  1  2 |
---------------+-------+-----
Axes           | 4 |  4.1
Fighting       | |  2.5
Throwing       | |  2.1
Armour         | |  0.3
Dodging        | |  3.7

Action                   || total
-------------------------++-------
Melee: War axe           ||    36
       Headbutt          ||     4
  Use: Scroll            ||     1
       Potion            ||     1
Armor: Leather armour    ||    11
Dodge: Dodged            ||    24
